 Dungeon Crawl Stone Soup version 0.24-a0-509-ga1643a6788 (webtiles) character file.

Game seed: 13214952282371269371

1191 Inarius the Chopper (level 8, -5/60 HPs)
             Began as a Demonspawn Abyssal Knight on July 19, 2019.
             Was an Elder of Lugonu.
             Splashed by a jelly's acid (7 damage)
             ... on level 6 of the Dungeon.
             The game lasted 00:14:11 (8701 turns).

Inarius the Chopper (Demonspawn Abyssal Knight)     Turns: 8701, Time: 00:14:11

Health: -5/60      AC:  0    Str: 15    XL:     8   Next: 20%
Magic:  11/11      EV:  6    Int: 13    God:    Lugonu [****..]
Gold:   343        SH:  4    Dex: 13    Spells: 7/7 levels left

rFire    + + .     SeeInvis .   s - +0 broad axe
rCold    . . .     Gourm    .   h - +0 buckler
rNeg     . . .     Faith    .   t - +0 chain mail (curse)
rPois    .         Spirit   .   (no helmet)
rElec    .         Reflect  .   (no cloak)
rCorr    .         Harm     .   j - +1 pair of gloves
MR       .....                  (no boots)
Stlth    ..........             (no amulet)
HPRegen  0.20/turn              c - ring of protection from fire
MPRegen  0.12/turn              l - ring of protection from fire

@: lethally poisoned (-5 -> -6), corroded, invisible
A: demonic guardian 2, powered by pain 1
a: Depart the Abyss, Bend Space, Banish, Corrupt, Renounce Religion


You were on level 6 of the Dungeon.
You worshipped Lugonu.
Lugonu was greatly pleased with you.
You were not hungry.

You visited 1 branch of the dungeon, and saw 6 of its levels.
You visited the Abyss 1 time.
You also visited: Ossuary.

You collected 343 gold pieces.

Inventory:

Hand Weapons
 s - a +0 broad axe (weapon)
Missiles
 r - 9 boomerangs (quivered)
Armour
 h - a +0 buckler (worn)
 j - a +1 pair of gloves (worn)
 n - a +0 chain mail
 t - a cursed +0 chain mail (worn)
Jewellery
 c - a ring of protection from fire (left hand)
 l - a ring of protection from fire (right hand)
Scrolls
 a - 6 scrolls of remove curse
 p - 2 scrolls of noise
 q - a scroll of blinking
 w - a scroll of random uselessness {unknown}
Potions
 d - a potion of invisibility
 e - 3 potions of might
 f - 2 potions of agility {unknown}
 g - a potion of ambrosia {unknown}
 i - a potion of cancellation {unknown}
 m - a potion of resistance {unknown}
 o - a potion of degeneration {unknown}
 u - a potion of magic {unknown}
 v - a potion of flight {unknown}
Comestibles
 b - 9 rations
 k - 4 chunks of flesh


   Skills:
 + Level 3.9 Fighting
 * Level 7.4 Axes
   Level 0.4(4.5) Maces & Flails
 + Level 0.3 Throwing
 + Level 3.0 Armour
 + Level 1.3 Dodging
 + Level 1.0 Shields
 - Level 2.1 Unarmed Combat
 * Level 4.2 Invocations


You had 7 spell levels left.
You didn't know any spells.
Your spell library contained the following spells:

 Spells                   Type           Power        Failure   Level  Hunger
 Magic Dart               Conj           #...         100%        1    ##.....
 Blink                    Tloc           N/A          100%        2    ###....
 Call Imp                 Summ           #.......     100%        2    ###....
 Slow                     Hex            #.......     100%        2    ###....
 Conjure Flame            Conj/Fire      #.......     100%        3    ####...
 Mephitic Cloud           Conj/Pois/Air  #.......     100%        3    ####...


Dungeon Overview and Level Annotations

Branches:
Dungeon (6/15)             Temple (0/1) D:4

Altars:
Dithmenos

Shops:
D:4 :

Annotations:
D:4 3 runed translucent doors, toffzen's ghost, amateur MiAE
D:5 2 runed translucent doors


Innate Abilities, Weirdness & Mutations

A demonic guardian rushes to your aid.
You sometimes gain a little power by taking damage.


Message History

Unknown command.
You are too injured to fight recklessly!
You feel sick. The adder bites you.
* * * LOW HITPOINT WARNING * * *
You hit the adder.
You kill the adder!
Lugonu accepts your kill.
Unknown command.
You feel sick.
You feel sick. The jelly hits you.
* * * LOW HITPOINT WARNING * * *
You are splashed with acid.
* * * LOW HITPOINT WARNING * * *
You feel sick.
You fade into invisibility!
The jelly hits you.
* * * LOW HITPOINT WARNING * * *
You are splashed with acid!
You die...

##.......#.#.#..#
#########.#.(..#
..##รท..#
#########...#
............###
#####.........#
###.####.##.# #.
######.(..# .# # #.
##..@......# .. #..
#..J.......# #.#
##... #..........#
.. ...#.##
#.#######..# .......
#.# #..#
.......##.#######.)#
..........#..[.....#
.......####.######.#
....... #........#


You could see a jelly.

Vanquished Creatures
  Duvessa (D:4)
  An elf zombie (Ossuary)
  Dowan (D:4)
  2 crimson imps
  A bullfrog zombie (D:5)
  2 centaur zombies (Ossuary)
  A hound (D:5)
  2 orc priests
  3 human zombies (Ossuary)
  An iguana (D:4)
  An orc wizard (D:3)
  6 worker ants
  A big kobold zombie (Ossuary)
  2 mummies (Ossuary)
  12 adders
  A shadow imp (D:5)
  2 oozes (D:1)
  An adder skeleton (D:4)
  5 worms
  4 dart slugs
  6 leopard geckos
  7 orcs
  7 giant cockroaches
  8 goblins
  4 hobgoblins
  10 jackals
  4 quokkas
  6 bats
  5 frilled lizards
  2 goblin zombies
  9 hobgoblin zombies (Ossuary)
  6 kobolds
  8 kobold zombies
  10 orc zombies (Ossuary)
  10 rats
  2 rat zombies (Ossuary)
154 creatures vanquished.

Vanquished Creatures (collateral kills)
  Grinder (D:4)
  A centaur (D:5)
  A hound (D:4)
  An orc wizard (D:3)
  A big kobold zombie (Ossuary)
  A mummy (D:4)
  2 orcs (D:3)
8 creatures vanquished.

Grand Total: 162 creatures vanquished

Notes
Turn   | Place    | Note
-------+----------+-------------------------------------------
     0 | Abyss:1  | Inarius the Demonspawn Abyssal Knight began the quest for
                  | the Orb.
     0 | Abyss:1  | Reached XP level 1. HP: 18/18 MP: 2/2
    86 | Abyss:1  | Noticed an iron imp
    92 | Abyss:1  | Noticed an insubstantial wisp
    94 | D:1      | Escaped the Abyss
   382 | D:1      | Gained mutation: A weak demonic guardian rushes to your
                  | aid. [demonic ancestry]
   382 | D:1      | Reached XP level 2. HP: 13/24 MP: 3/3
  1059 | D:1      | Reached skill level 1 in Dodging
  1064 | D:1      | Reached * piety under Lugonu
  1135 | D:1      | Reached XP level 3. HP: 7/29 MP: 4/4
  3409 | D:3      | Found a shadowy altar of Dithmenos.
  3829 | D:3      | Reached skill level 1 in Axes
  3829 | D:3      | Reached XP level 4. HP: 16/35 MP: 6/6
  4046 | D:3      | HP: 1/35 [orc priest/divine providence (14)]
  4370 | D:3      | Reached skill level 2 in Axes
  4525 | D:2      | Reached XP level 5. HP: 25/41 MP: 7/7
  4928 | D:3      | Reached ** piety under Lugonu
  5060 | D:3      | Reached skill level 3 in Axes
  5274 | D:4      | Found Notagal's Book Shoppe.
  5294 | D:4      | Found a runed translucent gate.
  5294 | D:4      | Found a runed translucent gate.
  5297 | D:4      | Found a runed translucent gate.
  5391 | D:4      | Noticed Grinder
  5391 | D:4      | Noticed Duvessa
  5391 | D:4      | Noticed Dowan
  5396 | D:4      | Found a sand-covered staircase.
  5492 | D:4      | Killed Duvessa
  5492 | D:4      | Reached skill level 4 in Axes
  5492 | D:4      | Gained mutation: You sometimes gain a little power by
                  | taking damage. [demonic ancestry]
  5492 | D:4      | Reached XP level 6. HP: 35/47 MP: 8/8
  5506 | D:4      | Killed Dowan
  5652 | Ossuary  | Entered an ossuary
  5956 | Ossuary  | Reached *** piety under Lugonu
  5972 | Ossuary  | Reached skill level 5 in Axes
  5987 | Ossuary  | Gained mutation: A demonic guardian rushes to your aid.
                  | [demonic ancestry]
  5987 | Ossuary  | Reached XP level 7. HP: 45/52 MP: 9/9
  6225 | D:4      | Paralysed by Grinder for 6 turns
  6227 | D:4      | Killed Grinder
  6227 | D:4      | Reached skill level 6 in Axes
  6260 | D:4      | Noticed toffzen's ghost (amateur MiAE)
  6343 | D:4      | Found a staircase to the Ecumenical Temple.
  6992 | D:5      | Entered Level 5 of the Dungeon
  7175 | D:5      | Reached **** piety under Lugonu
  7313 | D:5      | Reached skill level 7 in Axes
  7925 | D:5      | Reached XP level 8. HP: 35/60 MP: 11/11
  8151 | D:5      | Found a runed translucent door.
  8158 | D:5      | Found a runed translucent door.
  8580 | D:6      | Reached skill level 1 in Shields
  8701 | D:6      | HP: 2/60 [jelly (2)]
  8701 | D:6      | Splashed by a jelly's acid

Levels and vault maps discovered:
D:1:      giann_horns, layout_rooms
D:2:      kennysheep_big_flooded_room, layout_loops_corners
D:3:      layout_rooms, old_standard_altar
D:4:      minmay_diamond_boxcup, layout_rooms, temple_fountains,
          nicolae_ossuary_entry_giza, gammafunk_ghost_icy, serial_shops,
          shop_fountains, uniq_grinder, uniq_duvessa
D:5:      lemuel_insect_pit, layout_basic, first_ration
D:6:      layout_basic, kennysheep_little_box, lemuel_crystal_altar

Skill      XL: |  1  2  3  4  5  6  7  8 |
---------------+-------------------------+-----
Armour         | 2 3 |  3.0
Unarmed Combat | 2 |  2.1
Dodging        | 1 |  1.3
Axes           | 1 2 4 5 7 |  7.4
Invocations    | 3 4 |  4.2
Shields        | 1 |  1.0
Fighting       | |  3.9
Maces & Flails | |  0.4
Throwing       | |  0.3

Action                   |  1- 3 |  4- 6 |  7- 9 || total
-------------------------+-------+-------+-------++-------
Melee: Unarmed           |    33 |       |       ||    33
       Club              |   108 |       |       ||   108
       Dagger            |    73 |       |       ||    73
       Broad axe         |    36 |   167 |   276 ||   479
       Spear             |    30 |       |       ||    30
Throw: Stone             |    10 |       |       ||    10
       Boomerang         |       |     1 |       ||     1
Invok: Depart the Abyss  |     1 |       |       ||     1
  Use: Potion            |     2 |     2 |     1 ||     5
       Scroll            |       |     9 |     2 ||    11
 Stab: Distracted        |       |     2 |       ||     2
  Eat: Chunk             |     6 |     6 |     7 ||    19
       Ration            |     1 |       |     1 ||     2
Armor: Leather armour    |    29 |       |       ||    29
       Ring mail         |    39 |       |       ||    39
       Chain mail        |   104 |   117 |   198 ||   419
Dodge: Dodged            |   136 |    51 |    82 ||   269
Block: Buckler           |    40 |    33 |    41 ||   114

Table legend:
 A = Non-vault XP
 B = Vault XP
 C = Vault XP percentage of total XP
 D = Non-vault monster count
 E = Vault monster count
 F = Vault count percentage of total count
                 A         B        C        D         E       F
            +---------+---------+-------+---------+---------+-------
      Total |     944 |     758 |  44.5 |     109 |      53 |  32.7
            +---------+---------+-------+---------+---------+-------
        D:1 |      52 |       0 |   0.0 |      23 |       0 |   0.0
        D:2 |      56 |       4 |   6.7 |      11 |       2 |  15.4
        D:3 |     194 |       0 |   0.0 |      27 |       0 |   0.0
        D:4 |      94 |     362 |  79.4 |      18 |      12 |  40.0
        D:5 |     376 |       0 |   0.0 |      23 |       0 |   0.0
        D:6 |     172 |       0 |   0.0 |       7 |       0 |   0.0
    Ossuary |       0 |     392 | 100.0 |       0 |      39 | 100.0
            +---------+---------+-------+---------+---------+-------
